TOP OF THE 1ST |
Virginia Cavaliers batting - Pitching for Xavier Musketeers : RHP Lou Jaramillo
|
Pitching: RHP Lou Jaramillo
|
|
Batting: RHB Carl Curry
|
0-0: Ball 1-0: Ball 2-0: Called Strike 2-1: Ball 3-1: Bunt missed! 3-2: Foul Ball, location: 2F 3-2: Foul Ball, location: 2F 3-2: Foul Ball, location: 2F 3-2: Ground out 4-3 (Groundball, 4M)
|
Batting: LHB Randy Pérez
|
0-0: Ball 1-0: Foul Ball, location: 2F 1-1: Called Strike 1-2: Ball 2-2: Foul Ball, location: 2F 2-2: Ball 3-2: Base on Balls
|
Batting: RHB Mark Whiffen
|
0-0: Ball 1-0: Ball 2-0: Called Strike 2-1: Ground out 5-3 (Groundball, 56S) Randy Pérez to second
|
Batting: LHB Domingo González
|
0-0: Called Strike 0-1: Fly out, F9 (Flyball, 9)
|
Top of the 1st over - 0 run(s), 0 hit(s), 0 error(s), 1 left on base; Virginia 0 - Xavier 0 |
BOTTOM OF THE 1ST |
Xavier Musketeers batting - Pitching for Virginia Cavaliers : RHP Will Hall
|
Pitching: RHP Will Hall
|
|
Batting: RHB Art Cornell
|
0-0: Swinging Strike 0-1: Ball 1-1: Ground out 5-3 (Groundball, 5)
|
Batting: RHB Florentino López
|
0-0: Called Strike 0-1: Ball 1-1: Ball 2-1: Ground out 5-3 (Groundball, 5S)
|
Batting: LHB Freddy Torres
|
0-0: Called Strike 0-1: Ball 1-1: Ball 2-1: Fly out, F7 (Flyball, 78M)
|
Bottom of the 1st over - 0 run(s), 0 hit(s), 0 error(s), 0 left on base; Virginia 0 - Xavier 0 |
TOP OF THE 2ND |
Virginia Cavaliers batting - Pitching for Xavier Musketeers : RHP Lou Jaramillo
|
Batting: RHB Nick Stephenson
|
0-0: Swinging Strike 0-1: Ball 1-1: Ball 2-1: Swinging Strike 2-2: Ball 3-2: Foul Ball, location: 2F 3-2: Base on Balls
|
Batting: LHB Jack Davis
|
0-0: SINGLE (Groundball, 34) (infield hit) Nick Stephenson to second
|
Batting: RHB Bert Larson
|
0-0: Called Strike 0-1: Ball 1-1: Ball 2-1: Fly out, F3 (Line Drive, 3S) Lined into DP, 3-6 (Line Drive, 3S)
|
Batting: LHB António Machado
|
0-0: Ball 1-0: Ball 2-0: Ball 3-0: Called Strike 3-1: Foul Ball, location: 2F 3-2: Base on Balls Jack Davis to second
|
Batting: LHB Brett Anderson
|
0-0: Ball 1-0: Reached on error, E2 (Groundball, 2L) Jack Davis scores António Machado to third
|
Batting: RHB Carl Curry
|
0-0: Swinging Strike 0-1: Ball 1-1: Fly out, F7 (Flyball, 78S)
|
Top of the 2nd over - 1 run(s), 1 hit(s), 1 error(s), 2 left on base; Virginia 1 - Xavier 0 |
BOTTOM OF THE 2ND |
Xavier Musketeers batting - Pitching for Virginia Cavaliers : RHP Will Hall
|
Batting: LHB Luis Martínez
|
0-0: Called Strike 0-1: Ball 1-1: Swinging Strike 1-2: Ball 2-2: Ground out U3 (Groundball, 3)
|
Batting: RHB Jeff Lawrence
|
0-0: Ball 1-0: Ball 2-0: Ball 3-0: Base on Balls
|
Batting: LHB Pancho Robles
|
0-0: Ball 1-0: Ball 2-0: Foul Ball, location: 2F 2-1: Foul Ball, location: 2F 2-2: Ball 3-2: Base on Balls Jeff Lawrence to second
|
Batting: RHB Les Rupp
|
0-0: Ball 1-0: Ball 2-0: SINGLE (Line Drive, 78S) Jeff Lawrence to third Pancho Robles to second Runner from 3rd tries for Home, SAFE, throw made home
|
Batting: LHB Bobby Meegan
|
0-0: Foul Ball, location: 2F 0-1: Foul Ball, location: 2F 0-2: Strikes out swinging
|
Batting: RHB Bobby Doyle
|
0-0: Called Strike 0-1: Ball 1-1: Ball 2-1: Ground out 6-3 (Groundball, 56)
|
Bottom of the 2nd over - 1 run(s), 1 hit(s), 0 error(s), 2 left on base; Virginia 1 - Xavier 1 |
TOP OF THE 3RD |
Virginia Cavaliers batting - Pitching for Xavier Musketeers : RHP Lou Jaramillo
|
Batting: LHB Randy Pérez
|
0-0: Swinging Strike 0-1: Ground out 4-3 (Groundball, 4)
|
Batting: RHB Mark Whiffen
|
0-0: Fly out, F2 (Popup, 2R)
|
Batting: LHB Domingo González
|
0-0: SINGLE (Flyball, 56D)
|
Batting: RHB Nick Stephenson
|
0-0: Ball Domingo González is caught stealing 2nd base
|
Top of the 3rd over - 0 run(s), 1 hit(s), 0 error(s), 0 left on base; Virginia 1 - Xavier 1 |
BOTTOM OF THE 3RD |
Xavier Musketeers batting - Pitching for Virginia Cavaliers : RHP Will Hall
|
Batting: RHB Art Cornell
|
0-0: Ball 1-0: Ball 2-0: Ball 3-0: Base on Balls
|
Batting: RHB Florentino López
|
0-0: Ball Art Cornell steals 2nd base 1-0: Foul Ball, location: 2F 1-1: Called Strike 1-2: Strikes out swinging
|
Batting: LHB Freddy Torres
|
0-0: Called Strike Art Cornell is caught stealing 3rd base 0-1: Swinging Strike 0-2: Ball 1-2: SINGLE (Line Drive, 56)
|
Batting: LHB Luis Martínez
|
0-0: Foul Ball, location: 2F 0-1: Ball 1-1: Ball 2-1: Foul Ball, location: 2F 2-2: Strikes out swinging
|
Bottom of the 3rd over - 0 run(s), 1 hit(s), 0 error(s), 1 left on base; Virginia 1 - Xavier 1 |
TOP OF THE 4TH |
Virginia Cavaliers batting - Pitching for Xavier Musketeers : RHP Lou Jaramillo
|
Batting: RHB Nick Stephenson
|
0-0: Ball 1-0: Ball 2-0: Ball 3-0: Called Strike 3-1: Swinging Strike 3-2: Base on Balls
|
Batting: LHB Jack Davis
|
0-0: Fly out, F7 (Flyball, 78M)
|
Batting: RHB Bert Larson
|
0-0: Ball 1-0: SINGLE (Flyball, 78S) Nick Stephenson to second
|
Batting: LHB António Machado
|
0-0: Ball 1-0: Foul Ball, location: 2F 1-1: Ball 2-1: Fielders Choice at 2nd, 3-6 (Groundball, 34) Nick Stephenson to third
|
Batting: LHB Brett Anderson
|
0-0: Fly out, F4 (Line Drive, 4)
|
Top of the 4th over - 0 run(s), 1 hit(s), 0 error(s), 2 left on base; Virginia 1 - Xavier 1 |
BOTTOM OF THE 4TH |
Xavier Musketeers batting - Pitching for Virginia Cavaliers : RHP Will Hall
|
Batting: RHB Jeff Lawrence
|
0-0: Ball 1-0: Swinging Strike 1-1: Ball 2-1: Ball 3-1: Base on Balls
|
Batting: LHB Pancho Robles
|
0-0: Called Strike 0-1: Ball 1-1: Foul Ball, location: 2F 1-2: SINGLE (Line Drive, 34) Jeff Lawrence to second
|
Batting: RHB Les Rupp
|
0-0: Fly out, F6 (Line Drive, 6M)
|
Batting: LHB Bobby Meegan
|
0-0: Ball 1-0: Ball 2-0: Ball 3-0: Called Strike 3-1: Base on Balls Jeff Lawrence to third Pancho Robles to second
|
Batting: RHB Bobby Doyle
|
0-0: Called Strike 0-1: Ball 1-1: Foul Ball, location: 2F 1-2: Strikes out swinging
|
Batting: RHB Art Cornell
|
0-0: Ball 1-0: Called Strike 1-1: Ball 2-1: Ball 3-1: Base on Balls Jeff Lawrence scores Pancho Robles to third Bobby Meegan to second
|
Batting: RHB Florentino López
|
0-0: Ball 1-0: Ball 2-0: Fielders Choice at 2nd, 5-4 (Groundball, 56)
|
Bottom of the 4th over - 1 run(s), 1 hit(s), 0 error(s), 2 left on base; Virginia 1 - Xavier 2 |
TOP OF THE 5TH |
Virginia Cavaliers batting - Pitching for Xavier Musketeers : RHP Lou Jaramillo
|
Batting: RHB Carl Curry
|
0-0: Ball 1-0: Called Strike 1-1: Foul Ball, location: 2F 1-2: Ball 2-2: SINGLE (Groundball, 56D)
|
Batting: LHB Randy Pérez
|
0-0: Called Strike Carl Curry steals 2nd base 0-1: Foul Ball, location: 2F 0-2: Ball 1-2: Ball 2-2: Strikes out swinging
|
Batting: RHB Mark Whiffen
|
0-0: Ground out 6-3 (Groundball, 6) Carl Curry to third
|
Batting: LHB Domingo González
|
0-0: Ball 1-0: Called Strike 1-1: SINGLE (Line Drive, 5D) Carl Curry scores
|
Batting: RHB Nick Stephenson
|
0-0: Called Strike Domingo González steals 2nd base 0-1: Fly out, F8 (Flyball, 8LM)
|
Top of the 5th over - 1 run(s), 2 hit(s), 0 error(s), 1 left on base; Virginia 2 - Xavier 2 |
BOTTOM OF THE 5TH |
Xavier Musketeers batting - Pitching for Virginia Cavaliers : RHP Will Hall
|
Pitching: RHP Jeff Paul
|
|
Batting: LHB Freddy Torres
|
0-0: Ball 1-0: Fly out, F8 (Flyball, 8RS)
|
Batting: LHB Luis Martínez
|
0-0: Foul Ball, location: 2F 0-1: Called Strike 0-2: Ball 1-2: Strikes out swinging
|
Batting: RHB Jeff Lawrence
|
0-0: Swinging Strike 0-1: Ball 1-1: Ground out 5-3 (Groundball, 5S)
|
Bottom of the 5th over - 0 run(s), 0 hit(s), 0 error(s), 0 left on base; Virginia 2 - Xavier 2 |
TOP OF THE 6TH |
Virginia Cavaliers batting - Pitching for Xavier Musketeers : RHP Lou Jaramillo
|
Pitching: RHP Ricardo Marino
|
|
Batting: LHB Jack Davis
|
0-0: Foul Ball, location: 2F 0-1: Fly out, F4 (Line Drive, 4)
|
Batting: RHB Bert Larson
|
0-0: Called Strike 0-1: Reached on error, E5 (Groundball, 56)
|
Batting: LHB António Machado
|
0-0: Ball 1-0: Swinging Strike 1-1: Fly out, F8 (Line Drive, 8LM)
|
Batting: LHB Brett Anderson
|
0-0: Ball 1-0: Fielders Choice at 2nd, 4-6 (Groundball, 4)
|
Top of the 6th over - 0 run(s), 0 hit(s), 1 error(s), 0 left on base; Virginia 2 - Xavier 2 |
BOTTOM OF THE 6TH |
Xavier Musketeers batting - Pitching for Virginia Cavaliers : RHP Jeff Paul
|
Batting: LHB Pancho Robles
|
0-0: Called Strike 0-1: Foul Ball, location: 2F 0-2: Strikes out looking
|
Batting: RHB Les Rupp
|
0-0: Called Strike 0-1: Fly out, F7 (Flyball, 7S)
|
Batting: LHB Bobby Meegan
|
0-0: Swinging Strike 0-1: Ball 1-1: Ball 2-1: Ball 3-1: Base on Balls
|
Batting: RHB Bobby Doyle
|
0-0: Called Strike 0-1: Swinging Strike 0-2: Ball 1-2: Foul Ball, location: 2F 1-2: Strikes out swinging
|
Bottom of the 6th over - 0 run(s), 0 hit(s), 0 error(s), 1 left on base; Virginia 2 - Xavier 2 |
TOP OF THE 7TH |
Virginia Cavaliers batting - Pitching for Xavier Musketeers : RHP Ricardo Marino
|
Batting: RHB Carl Curry
|
0-0: Fly out, F9 (Flyball, 89S)
|
Batting: LHB Randy Pérez
|
0-0: Ball 1-0: Foul Ball, location: 2F 1-1: Foul Ball, location: 2F 1-2: Foul Ball, location: 2F 1-2: Foul Ball, location: 2F 1-2: Ball 2-2: Ball 3-2: SINGLE (Line Drive, 78S)
|
Batting: RHB Mark Whiffen
|
0-0: Ball 1-0: Foul Ball, location: 2F 1-1: Ball 2-1: Foul Ball, location: 2F 2-2: Foul Ball, location: 2F 2-2: Ball 3-2: Foul Ball, location: 2F 3-2: Foul Ball, location: 2F 3-2: Foul Ball, location: 2F 3-2: Fly out, F7 (Line Drive, 7)
|
Batting: LHB Domingo González
|
0-0: Ball 1-0: Ball Randy Pérez is caught stealing 2nd base
|
Top of the 7th over - 0 run(s), 1 hit(s), 0 error(s), 0 left on base; Virginia 2 - Xavier 2 |
BOTTOM OF THE 7TH |
Xavier Musketeers batting - Pitching for Virginia Cavaliers : RHP Jeff Paul
|
Pinch Hitting: RHB Weldon Samuels
|
0-0: Called Strike 0-1: Foul Ball, location: 2F 0-2: Strikes out looking
|
Batting: RHB Florentino López
|
0-0: Fly out, F8 (Line Drive, 8RM)
|
Batting: LHB Freddy Torres
|
0-0: Ball 1-0: Ball 2-0: Ball 3-0: Base on Balls
|
Batting: LHB Luis Martínez
|
0-0: Ball 1-0: Ball 2-0: Ball 3-0: Base on Balls Freddy Torres to second
|
Batting: RHB Jeff Lawrence
|
0-0: Ball 1-0: Called Strike 1-1: Foul Ball, location: 2F 1-2: Ball 2-2: Foul Ball, location: 2F 2-2: Reached on error, E9 (Flyball, 9) Freddy Torres scores Luis Martínez to third
|
Batting: LHB Pancho Robles
|
0-0: Foul Ball, location: 2F 0-1: Ball 1-1: SINGLE (Flyball, 8LS) Luis Martínez scores Jeff Lawrence to third
|
Batting: RHB Les Rupp
|
0-0: Called Strike 0-1: Swinging Strike 0-2: 3-RUN HOME RUN (Flyball, 7D), Distance : 371 ft
|
Pitching: RHP Dave Moran
|
|
Batting: LHB Bobby Meegan
|
0-0: Fly out, F9 (Flyball, 89S)
|
Bottom of the 7th over - 5 run(s), 2 hit(s), 1 error(s), 0 left on base; Virginia 2 - Xavier 7 |
TOP OF THE 8TH |
Virginia Cavaliers batting - Pitching for Xavier Musketeers : RHP Ricardo Marino
|
Now in CF: Weldon Samuels
|
|
Batting: LHB Domingo González
|
0-0: Called Strike 0-1: Ball 1-1: Ball 2-1: Ball 3-1: Called Strike 3-2: Strikes out looking
|
Batting: RHB Nick Stephenson
|
0-0: Ball 1-0: Called Strike 1-1: Called Strike 1-2: Ball 2-2: Strikes out swinging
|
Batting: LHB Jack Davis
|
0-0: Ball 1-0: Called Strike 1-1: Ball 2-1: Ball 3-1: Foul Ball, location: 2F 3-2: Strikes out looking
|
Top of the 8th over - 0 run(s), 0 hit(s), 0 error(s), 0 left on base; Virginia 2 - Xavier 7 |
BOTTOM OF THE 8TH |
Xavier Musketeers batting - Pitching for Virginia Cavaliers : RHP Dave Moran
|
Batting: RHB Bobby Doyle
|
0-0: Called Strike 0-1: Ball 1-1: Foul Ball, location: 2F 1-2: Foul Ball, location: 2F 1-2: Strikes out swinging
|
Batting: RHB Weldon Samuels
|
0-0: Ball 1-0: Ground out 6-3 (Groundball, 6)
|
Batting: RHB Florentino López
|
0-0: Foul Ball, location: 2F 0-1: Ball 1-1: Called Strike 1-2: Ball 2-2: Fly out, F9 (Flyball, 9LS)
|
Bottom of the 8th over - 0 run(s), 0 hit(s), 0 error(s), 0 left on base; Virginia 2 - Xavier 7 |
TOP OF THE 9TH |
Virginia Cavaliers batting - Pitching for Xavier Musketeers : RHP Ricardo Marino
|
Batting: RHB Bert Larson
|
0-0: Ball 1-0: Called Strike 1-1: Foul Ball, location: 2F 1-2: Ball 2-2: Ball 3-2: Strikes out looking
|
Pitching: LHP Doug Davis
|
|
Batting: LHB António Machado
|
0-0: Swinging Strike 0-1: Ground out 3-1 (Groundball, 34)
|
Batting: LHB Brett Anderson
|
0-0: Ball 1-0: Ball 2-0: Swinging Strike 2-1: Ball 3-1: Base on Balls
|
Batting: RHB Carl Curry
|
0-0: Ball 1-0: Ball 2-0: Called Strike 2-1: Ground out 6-3 (Groundball, 6M)
|
Top of the 9th over - 0 run(s), 0 hit(s), 0 error(s), 1 left on base; Virginia 2 - Xavier 7 |
|